 Dungeon Crawl Stone Soup version 0.29-a0-317-gd16b76e6b1 (webtiles) character file.

Game seed: 1295185308764065216

304 Ajdolov the Ruffian (level 6, -2/35 HPs)
             Began as a Vine Stalker Cinder Acolyte on Mar 30, 2022.
             Was a High Priest of Ignis.
             Slain by an ogre
             ... wielding a +0 giant club
              (12 damage)
             ... on level 3 of the Dungeon.
             The game lasted 00:03:51 (2641 turns).

Ajdolov the Ruffian (Vine Stalker Cinder Acolyte)   Turns: 2641, Time: 00:03:52

Health: -2/35      AC: 10    Str: 18    XL:     6   Next: 38%
Magic:  0/8        EV:  9    Int: 14    God:    Ignis [*****.]
Gold:   102        SH:  0    Dex: 10    Spells: 7/7 levels left

rFire   + . .      SeeInvis .     - Unarmed
rCold   . . .      Faith    .   (no shield)
rNeg    + . .      Spirit   +   g - +0 pearl dragon scales
rPois   .          Reflect  .   (no helmet)
rElec   .          Harm     .   (no cloak)
rCorr   .          Rampage  .   (no gloves)
Will    .....                   (no boots)
Stlth   ..........              b - amulet of regeneration
HPRegen 1.71/turn               (no ring)
MPRegen 0.11/turn               (no ring)

@: no status effects
A: fangs 2, regeneration 1, magic shield, antimagic bite, no potion heal 2
a: Renounce Religion, Fiery Armour, Foxfire Swarm, Rising Flame


You were on level 3 of the Dungeon.
You worshipped Ignis.
Ignis was extremely pleased with you.
You visited 1 branch of the dungeon, and saw 3 of its levels.

You collected 102 gold pieces.

Inventory:

Missiles
 d - a throwing net (quivered)
Armour
 g - +0 pearl dragon scales (worn)
Jewellery
 b - an amulet of regeneration (around neck)
Wands
 k - a wand of iceblast (8)
Scrolls
 a - a scroll of holy word {unknown}
 c - 3 scrolls of identify {unknown}
 j - a scroll of amnesia {unknown}
 l - a scroll of enchant weapon {unknown}
 m - a scroll of vulnerability {unknown}
 n - a scroll of brand weapon {unknown}
 p - a scroll of teleportation {unknown}
Potions
 e - 4 potions of degeneration {unknown}
 f - 2 potions of lignification {unknown}
 h - 3 potions of heal wounds {unknown}
 i - a potion of attraction {unknown}
 o - a potion of invisibility {unknown}
 q - a potion of curing {unknown}


   Skills:
 * Level 4.8 Fighting
 * Level 5.3 Unarmed Combat
 - Level 1.1 Spellcasting
 - Level 3.0 Fire Magic


You had 7 spell levels left.
You didn't know any spells.
Your spell library contained the following spells:

 Spells                   Type           Power      Damage    Failure   Level
 Scorch                   Fire           18%        2d5       45%         2
 Magic Dart               Conj           0%         1d3       75%         1
 Searing Ray              Conj           0%         2d4       86%         2
 Sublimation of Blood     Necr           0%         N/A       86%         2
 Wereblood                Tmut           0%         N/A       86%         2
 Fulminant Prism          Conj/Hex       0%         3d6       100%        4
 Summon Hydra             Summ           0%         N/A       100%        7


Dungeon Overview and Level Annotations

Branches:
Dungeon (3/15)

Altars:

Shops:
D:3 =


Innate Abilities, Weirdness & Mutations

You have extremely sharp teeth.
Your natural rate of healing is unusually fast.
When hurt, damage is shared between your health and your magic reserves.
Your bite disrupts and absorbs the magic of your enemies.
Potions cannot restore your health.


Message History

You see here 24 stones.
Items here: ††††.
Things that are here:
a +0 short sword; a kobold corpse You see here 3 poisoned darts.
A rat comes into view.
A rat is nearby!
You hit the rat but do no damage. You bite the rat.
You kill the rat!
No target in view!
You see here a rat corpse.
An ogre comes into view. It is wielding a +0 giant club.
An ogre is nearby!
The ogre hits you with a +0 giant club!
You hit the ogre. Your bite misses the ogre.
The ogre is lightly wounded.
You punch the ogre! You bite the ogre. You drain its power.
You feel invigorated.
The ogre is heavily wounded.
The ogre hits you with a +0 giant club!!
Ouch! That really hurt!
* * * LOW HITPOINT WARNING * * *
You hear a shout!
The ogre attacks as you move away! The ogre closely misses you.
A kobold comes into view. It is wielding a +0 short sword.
The ogre hits you with a +0 giant club!
You barely miss the ogre. Your bite misses the ogre.
The ogre is heavily wounded.
The ogre closely misses you.
You completely miss the ogre. You punch the ogre.
The ogre is heavily wounded.
You hit the ogre. You bite the ogre. You drain its power.
You feel invigorated.
The ogre is severely wounded.
The ogre hits you with a +0 giant club!!
Ouch! That really hurt!
* * * LOW HITPOINT WARNING * * *
You hit the ogre. Your bite misses the ogre.
The ogre is almost dead.
The ogre attacks as you move away! The ogre hits you with a +0 giant club!
You die...

###.#.##
##.###.#############.# #.##
##.............#
.#.###..O..K....###.........
.......########## .##.#...
.........# # ....
.........#### #..#
............######### #..#
.....8........KO@...# #..#
...)8.8..#..#######.# #..#
#..8...8.#..#######.# #..###
#.8..∩..8...........# #....#
#..8...8.#..#######.#####.##.#
##..8.8.....# #...[...##.#
#...8......# #.########.#
#.>..######.# #.# #.# .#.#.#
.# #.# #.#


You could see an ogre and a kobold.

Vanquished Creatures
  Grinder (D:3)
  Ijyb (D:3)
  3 adders (D:3)
  6 bats
  5 endoplasms
  2 giant cockroaches
  6 goblins
  9 hobgoblins
  6 jackals
  3 quokkas
  9 ball pythons
  9 frilled lizards
  4 kobolds
  8 rats
72 creatures vanquished.

Vanquished Creatures (others)
  22 foxfires (D:3)
22 creatures vanquished.

Grand Total: 94 creatures vanquished

Notes
Turn   | Place    | Note
-------+----------+-------------------------------------------
     0 | D:1      | Ajdolov the Vine Stalker Cinder Acolyte began the quest for
                  | the Orb.
     0 | D:1      | Reached XP level 1. HP: 11/11 MP: 3/3
   386 | D:1      | Reached XP level 2. HP: 13/16 MP: 2/4
   828 | D:1      | Reached XP level 3. HP: 19/20 MP: 3/5
  2200 | D:3      | Noticed Grinder
  2200 | D:3      | Paralysed by Grinder for 3 turns
  2207 | D:3      | Killed Grinder
  2208 | D:3      | Reached skill level 5 in Unarmed Combat
  2208 | D:3      | Gained mutation: Your natural rate of healing is unusually
                  | fast. [Vine Stalker growth]
  2208 | D:3      | Reached XP level 4. HP: 26/26 MP: 6/6
  2208 | D:3      | Reached XP level 5. HP: 30/30 MP: 7/7
  2208 | D:3      | Reached XP level 6. HP: 34/34 MP: 8/8
  2375 | D:3      | Noticed Ijyb
  2400 | D:3      | Killed Ijyb
  2436 | D:3      | Found Tidewn's Jewellery Emporium.
  2641 | D:3      | Slain by an ogre

Illustrated notes

Levels and vault maps discovered:
D:1:      elethiomel_arrival_fortress_basement, layout_basic, minmay_liquid_box,
          chequers_mini_garden, minmay_crystal_room, serial_bayou_crossing
D:2:      layout_loops_cross, minmay_tripent
D:3:      layout_loops_ring, serial_shops, nicolae_diamond_shop,
          minmay_pentomino_pile, uniq_grinder, uniq_ijyb

Skill      XL: |  1  2  3 |
---------------+----------+-----
Fighting       | 3 4 |  4.8
Unarmed Combat | 5 |  5.3
Spellcasting   | |  1.1
Fire Magic     | |  3.0

Action                   |  1- 3 |  4- 6 || total
-------------------------+-------+-------++-------
Melee: Unarmed           |   133 |    81 ||   214
       Bite              |    18 |    19 ||    37
       Punch             |       |     4 ||     4
Throw: Throwing net      |     1 |       ||     1
Invok: Foxfire Swarm     |     1 |       ||     1
 Stab: Sleeping          |     1 |       ||     1
Armor: Robe              |     9 |       ||     9
       Pearl dragon scal |    53 |    38 ||    91
Dodge: Dodged            |    84 |    32 ||   116

Table legend: (Time is in decaauts)
 A = Elapsed time spent in this place.
 B = Non-inter-level travel time spent in this place.
 C = Inter-level travel time spent in this place.
 D = Time resting spent in this place.
 E = Time spent auto-exploring this place.
 F = Levels seen in this place.
 G = Mean time per level.
                   A        B        C        D        E       F      G
               +--------+--------+--------+--------+--------+-----+--------+
         Total |   2633 |   2567 |     66 |      0 |   2105 |   3 |  877.7 |
       Dungeon |   2633 |   2567 |     66 |      0 |   2105 |   3 |  877.7 |
               +--------+--------+--------+--------+--------+-----+--------+

Top non-repeatable levels by time:
     D:1: 1539 daAuts
     D:2: 637 daAuts
     D:3: 455 daAuts
